 Dungeon Crawl Stone Soup version 0.21-a0-278-ga722497 (webtiles) character file.

172 AvylaarBelgium the Magician (level 5, 0/28 HPs)
             Began as a Deep Elf Fire Elementalist on Sept 22, 2017.
             Slain by Grinder (8 damage)
             ... while paralysed by Grinder
             ... on level 3 of the Dungeon.
             The game lasted 00:05:48 (2663 turns).

AvylaarBelgium the Magician (DEFE)                  Turns: 2663, Time: 00:05:48

Health: 0/28       AC:  2    Str:  5    XL:     5   Next: 27%
Magic:  3/14       EV:  2    Int: 21    God:
Gold:   111        SH:  0    Dex: 15    Spells: 3/13 levels left

rFire    . . .     SeeInvis .   j - +1 dagger (venom)
rCold    . . .     Gourm    .   (no shield)
rNeg     . . .     Faith    .   a - +0 robe
rPois    .         Spirit   .   (no helmet)
rElec    .         Reflect  .   (no cloak)
rCorr    .         Harm     .   (no gloves)
MR       .....                  (no boots)
Stlth    ++........             w - amulet of rage
HPRegen  0.09/turn              (no ring)
MPRegen  0.14/turn              (no ring)

@: paralysed
A: no striking features
a: Evoke Berserk Rage


You were on level 3 of the Dungeon.
You were not hungry.

You visited 1 branch of the dungeon, and saw 3 of its levels.

You collected 111 gold pieces.

Inventory:

Hand Weapons
 j - a +1 dagger of venom (weapon)
Armour
 a - a +0 robe (worn)
 u - a +0 buckler
Jewellery
 w - an amulet of rage (around neck)
Scrolls
 d - a scroll of noise
 h - 2 scrolls of remove curse
 i - a scroll of enchant weapon {unknown}
 n - a scroll of amnesia {unknown}
 t - a scroll of identify
Potions
 e - a potion of mutation {unknown}
 g - a potion of ambrosia {unknown}
 k - a potion of curing {unknown}
 m - a potion of haste {unknown}
 p - 2 potions of invisibility
 r - a potion of agility {unknown}
 s - a potion of heal wounds
 x - 2 potions of resistance {unknown}
Books
 b - a book of Flames

   Spells                             Type                      Level
   a - Flame Tongue                   Conjuration/Fire             1
   b - Throw Flame                    Conjuration/Fire             2
   c - Conjure Flame                  Conjuration/Fire             3
   d - Inner Flame                    Hexes/Fire                   3
   e - Sticky Flame                   Conjuration/Fire             4
   f - Fireball                       Conjuration/Fire             5
Comestibles
 c - 3 bread rations
 l - a meat ration
 q - 4 fruits


   Skills:
 - Level 2.5 Dodging
 - Level 2.4 Stealth
 + Level 4.8 Spellcasting
 + Level 3.0 Conjurations
 + Level 4.8 Fire Magic


You had 3 spell levels left.
You knew the following spells:

 Your Spells              Type           Power        Failure   Level  Hunger
a - Flame Tongue          Conj/Fire      ###..        2%          1    None
b - Throw Flame           Conj/Fire      ###...       3%          2    None
c - Conjure Flame         Conj/Fire      ###.....     6%          3    ##.....
d - Sticky Flame          Conj/Fire      ###.....     22%         4    ####...


Dungeon Overview and Level Annotations

Branches:
Dungeon (3/15)

Altars:

Annotations:
D:3 Grinder


Message History

It is a scroll of recharging.
You aren't carrying any rechargeable items.
Grinder barely misses you.
As you read the scroll labeled TOTZOIM PINOER, it crumbles to dust.
It is a scroll of identify.
v - a scroll of fear Grinder completely misses you.
Press: ? - help, v - describe, . - travel
Here: Grinder (lightly wounded)
The floor.
As you read the scroll of fear, it crumbles to dust.
You assume a fearsome visage.
Grinder is unaffected.
Grinder hits you.
You writhe in agony.
* * * LOW HITPOINT WARNING * * *
As you read the scroll labeled CIEDAO DOSAASEI, it crumbles to dust.
The scroll dissolves into smoke.
It was a scroll of fog.
Grinder misses you. Grinder gestures at you.
You suddenly lose the ability to move!
Grinder hits you!
You die...

(..####.#
#.#.###.##
........#
#.##.#.##
#######.# #.###.##
# #.# #.# ### #
#.# #.# #
#.####†##### ##
#........§§#
.######.####.###§#
>.......# #.# #@#
.##.##### #.# #5#
###.########.###§#
#..........##§§#
#.###########.##
#.....# #.#
#####.# #.# #.#
#.#


You could see Grinder.

Vanquished Creatures
  Terence (D:3)
  5 adders
  An ooze (D:1)
  2 worms
  4 leopard geckos
  3 orcs (D:3)
  11 bats
  4 giant cockroaches
  16 goblins
  5 hobgoblins (D:3)
  2 jackals (D:3)
  13 kobolds
  2 quokkas (D:2)
  A ball python (D:2)
  6 frilled lizards
  9 rats
85 creatures vanquished.

Notes
Turn   | Place    | Note
-------+----------+-------------------------------------------
     0 | D:1      | AvylaarBelgium the Deep Elf Fire Elementalist began the quest for the Orb.
     0 | D:1      | Reached XP level 1. HP: 10/10 MP: 6/6
   259 | D:1      | Reached XP level 2. HP: 8/15 MP: 6/8
   276 | D:1      | Found the +11 plutonium sword {*Contam Stlth-}
   467 | D:1      | Learned a level 2 spell: Throw Flame
   555 | D:1      | Reached XP level 3. HP: 9/19 MP: 2/10
  1723 | D:2      | Reached XP level 4. HP: 13/24 MP: 1/12
  1950 | D:3      | Noticed Grinder
  2246 | D:3      | Noticed Terence
  2252 | D:3      | Learned a level 3 spell: Conjure Flame
  2257 | D:3      | Learned a level 4 spell: Sticky Flame
  2264 | D:3      | Killed Terence
  2264 | D:3      | Reached XP level 5. HP: 28/28 MP: 4/14
  2651 | D:3      | Paralysed by Grinder for 5 turns
  2661 | D:3      | Paralysed by Grinder for 6 turns
  2663 | D:3      | Slain by Grinder

Vault maps used:
D:1:      dpeg_arrival_snail, minmay_surrounded
D:2:      grunt_decor_cap
D:3:      kennysheep_goblin_castle, first_bread, uniq_jessica, uniq_grinder,
          uniq_terence

Skill      XL: |  1  2  3  4  5 |
---------------+----------------+-----
Fire Magic     | 4 |  4.8
Conjurations   | 2 3 |  3.0
Spellcasting   | 4 |  4.8
Dodging        | |  2.5
Stealth        | |  2.4

Action                   |  1- 3 |  4- 6 || total
-------------------------+-------+-------++-------
Melee: Unarmed           |     2 |       ||     2
       Dagger            |     3 |    13 ||    16
 Cast: Flame Tongue      |    84 |    55 ||   139
       Throw Flame       |     1 |     9 ||    10
       Conjure Flame     |       |     1 ||     1
       Sticky Flame      |       |     1 ||     1
  Use: Scroll            |       |     6 ||     6
  Eat: Chunk             |     2 |     3 ||     5
Armor: Robe              |     8 |     5 ||    13
Dodge: Dodged            |    28 |    35 ||    63

Table legend:
 A = Spawn XP
 B = Non-spawn XP
 C = Spawn XP percentage of total XP
 D = Spawn monster count
 E = Non-spawn monster count
 F = Spawn count percentage of total count
 G = Total turns spent on level
                    A         B        C        D         E        F      G
               +---------+---------+-------+---------+---------+-------+---------
         Total |       0 |     247 |   0.0 |       0 |      85 |   0.0 |  2663
               +---------+---------+-------+---------+---------+-------+---------
           D:1 |       0 |      50 |   0.0 |       0 |      28 |   0.0 |  1273
           D:2 |       0 |      57 |   0.0 |       0 |      24 |   0.0 |   629
           D:3 |       0 |     140 |   0.0 |       0 |      33 |   0.0 |   761
               +---------+---------+-------+---------+---------+-------+---------
